 Dungeon Crawl Stone Soup version 0.27.1-3-gb3d3a73c9e (webtiles) character file.

Game seed: 17450508190882095569

20349 Spike29 the Basher (level 12, -6/99 HPs)
             Began as a Deep Dwarf Earth Elementalist on Oct 20, 2021.
             Was a High Priest of the Shining One.
             Mangled by a komodo dragon (20 damage)
             ... on level 11 of the Dungeon on Oct 21, 2021.
             The game lasted 01:52:46 (9494 turns).

Spike29 the Basher (Deep Dwarf Earth Elementalist)  Turns: 9494, Time: 01:52:47

Health: -6/99      AC: 23    Str: 16    XL:     12   Next: 44%
Magic:  0/0        EV:  8    Int: 17    God:    the Shining One [*****.]
Gold:   528        SH:  8    Dex: 13    Spells: 14/17 levels left

rFire    . . .     SeeInvis .   F - +5 flail (flame)
rCold    . . .     Faith    .   A - +0 buckler
rNeg     + + +     Spirit   .   w - +4 chain mail
rPois    .         Reflect  +   B - +1 hat
rElec    .         Harm     .   e - +0 cloak
rCorr    .         Rampage  .   y - +0 pair of gloves
Will     +....                  h - +2 pair of boots
Stlth    ..........             t - amulet of reflection
HPRegen  0.00/turn              O - +4 ring of slaying
MPRegen  0.07/turn              L - ring "Aviong" {rN+ Slay+3 Stlth+}

@: glowing
A: damage resistance, heal wounds, sense surroundings 2, no regeneration
a: Heal Wounds, Renounce Religion, Divine Shield, Cleansing Flame, Summon Divine
Warrior


You were on level 11 of the Dungeon.
You worshipped the Shining One.
The Shining One was extremely pleased with you.
You visited 3 branches of the dungeon, and saw 13 of its levels.
You also visited: Bailey.

You collected 902 gold pieces.
You spent 374 gold pieces at shops.

Inventory:

Hand Weapons
 f - a +5 battleaxe
 l - a +0 arbalest
 v - a +2 flail of holy wrath
 F - a +5 flail of flaming (weapon)
 N - a +4 falchion
 S - a +1 long sword of freezing
Missiles
 a - 52 poisoned darts (quivered)
 c - 370 stones
 z - 64 bolts
 G - 4 large rocks
Armour
 e - a +0 cloak (worn)
 h - a +2 pair of boots (worn)
 k - a +0 robe of resistance
 w - a +4 chain mail (worn)
 x - the +1 leather armour of the Pleiades {Str+9 Dex+2 Slay-2}
   (You found it on level 5 of the Dungeon)

   Str:       It affects your strength (+9).
   Dex:       It affects your dexterity (+2).
   Slay:      It affects your accuracy & damage with ranged weapons and melee
   (-2).
 y - a +0 pair of gloves (worn)
 A - a +0 buckler (worn)
 B - a +1 hat (worn)
Magical Staves
 r - a staff of earth
Jewellery
 j - an amulet of magic regeneration
 p - a ring of protection from fire
 q - an amulet of faith
 s - a +4 ring of protection
 t - an amulet of reflection (around neck)
 C - a ring of see invisible
 I - a +6 ring of intelligence
 L - the ring "Aviong" (right hand) {rN+ Slay+3 Stlth+}
   (You found it on level 7 of the Dungeon)

   [ring of positive energy]

   Slay:      It affects your accuracy & damage with ranged weapons and melee
   (+3).
   rN:        It protects you from negative energy.
   Stlth:     It makes you more stealthy.
 O - a +4 ring of slaying (left hand)
 P - a ring of protection from cold
Wands
 b - a wand of acid (13)
 g - a wand of iceblast (18)
 m - a wand of polymorph (5)
 E - a wand of flame (18)
 J - a wand of digging (1)
Scrolls
 i - 2 scrolls of identify
 o - 4 scrolls of blinking
 u - a scroll of teleportation
 H - a scroll of fear
 M - a scroll of magic mapping
 U - 2 scrolls of fog
Potions
 d - 2 potions of brilliance
 n - 4 potions of invisibility
 D - a potion of magic
 K - 2 potions of curing


   Skills:
 - Level 4.1 Fighting
 - Level 3.4 Short Blades
 * Level 14.7 Maces & Flails
 - Level 0.2 Throwing
 + Level 11.1 Armour
 - Level 3.9 Dodging
 - Level 3.0 Stealth
 - Level 0.2 Shields
 - Level 3.4 Spellcasting
 - Level 3.3 Translocations
 - Level 0.8 Transmutations
 - Level 6.5 Earth Magic


You had 14 spell levels left.
You knew the following spells:

 Your Spells              Type           Power      Damage    Failure   Level
a - Sandblast             Erth           50%        2d12      19%         1
b - Blink                 Tloc           N/A        N/A       71%         2

Your spell library contained the following spells:

 Spells                   Type           Power      Damage    Failure   Level
 Passwall                 Tmut/Erth      12%        N/A       65%         2
 Lesser Beckoning         Tloc           7%         N/A       90%         3
 Stone Arrow              Conj/Erth      28%        3d8       91%         3
 Foxfire                  Conj/Fire      8%         2x1d4     95%         1
 Slow                     Hex            2%         N/A       99%         2
 Petrify                  Tmut/Erth      15%        N/A       99%         4
 Confusing Touch          Hex            2%         N/A       100%        3
 Conjure Flame            Conj/Fire      2%         6-21      100%        3
 Inner Flame              Hex/Fire       2%         N/A       100%        3
 Vampiric Draining        Necr           1%         2d6       100%        3
 Fireball                 Conj/Fire      1%         3d3       100%        5
 Iskenderun's Battlesphe  Conj           2%         2d6       100%        5
 Manifold Assault         Tloc           14%        N/A       100%        5
 Summon Forest            Summ/Tloc      4%         N/A       100%        5
 Summon Mana Viper        Hex/Summ       2%         N/A       100%        5
 Yara's Violent Unravell  Hex/Tmut       2%         3d3       100%        5
 Conjure Ball Lightning   Conj/Air       1%         3x3d6     100%        6
 Shadow Creatures         Summ           N/A        N/A       100%        6
 Orb of Destruction       Conj           1%         N/A       100%        7
 Storm Form               Tmut/Air       2%         N/A       100%        7


Dungeon Overview and Level Annotations

Branches:
Dungeon (11/15)            Temple (1/1) D:4            Lair (1/6) D:10
    Orc (0/2) D:10         Bailey (visited)

Altars:
Ashenzari
Cheibriados
Dithmenos
Fedhas
Gozag
Hepliaklqana
Kikubaaqudgha
Makhleb
Nemelex Xobeh
Okawaru
Qazlal
Ru
Sif Muna
Trog
Uskayaw
Vehumet
Wu Jian
Xom
Yredelemnul
Zin
The Shining One

Shops:
D:5 =*:


Innate Abilities, Weirdness & Mutations

You are resistant to damage.
You can heal yourself by infusing magical energy.
You passively map the area around you.
You do not regenerate.


Message History

The wizard blinks!
You hit the wizard. You burn the wizard.
The wizard is lightly wounded.
You closely miss the wizard.
The wizard is lightly wounded.
The wizard hits you but does no damage.
You sock the wizard! You burn the wizard.
The wizard is heavily wounded.
The wizard hits you but does no damage.
You hit the wizard. You burn the wizard.
The wizard is severely wounded.
You sock the wizard! You burn the wizard.
The wizard is almost dead.
The wizard hits you but does no damage.
You closely miss the wizard.
The wizard is almost dead.
The wizard hits you with a +0 dagger.
* * * LOW HITPOINT WARNING * * *
You barely miss the wizard.
The wizard is almost dead.
The wizard points at you and mumbles some strange words.
You resist with almost no effort.
You bludgeon the wizard!! You burn the wizard.
You kill the wizard!
The Shining One accepts your kill.
You feel better.
Found 8 gold pieces.
Things that are here:
a +0 dagger; a +0 robe
Found a stone staircase leading down.
Found 29 stones.
A komodo dragon comes into view.
The komodo dragon hisses angrily.
You see here 8 gold pieces.
Found 11 gold pieces.
The komodo dragon bites you but does no damage.
You sock the komodo dragon! You burn the komodo dragon.
The komodo dragon is moderately wounded.
The komodo dragon bites you!!
You die...

#..........).#........#
#...##.......##########
#...##.......##......#
#...##...............#
.....................#
................>....#
#............##......#
..,#####....##.$....# ,
,*#....##.@....#
.........l....# ,
..............# ,,
,.............(# ,,
............# * , ,
....##......# , , ,
*.... #......# * ** ...
#...$..# , *, ,*


You could see a komodo dragon.

Vanquished Creatures
  Gastronok (D:9)
  A hydra (D:10)
  Harold (D:7)
  3 death yaks
  A wizard (D:11)
  A cyclops (D:11)
  A manticore (D:8)
  The ghost of bnorton916 the Vexing, a novice DECj of Gozag (D:6)
  A gargoyle (D:11)
  4 cane toads (D:10)
  3 kobold demonologists
  An unseen horror (D:10)
  A meliai zombie (D:10)
  3 blink frogs
  A vampire (D:8)
  A shadow (D:11)
  21 yaks
  4 wyverns
  A steam dragon (D:8)
  An acid dragon (D:8)
  8 water moccasins
  3 orc warriors
  An ice beast (D:7)
  A black bear (D:5)
  A hornet zombie (D:9)
  3 necrophages
  A wolf (D:10)
  8 centaurs
  A phantom (D:5)
  4 kobold brigands
  A wyvern zombie (D:8)
  5 bullfrogs
  A gnoll sergeant (D:10)
  5 scorpions
  2 wyvern skeletons
  16 killer bees
  12 wights
  A howler monkey (D:7)
  5 centaur zombies
  8 hounds
  A human zombie (D:9)
  A gnoll shaman (D:8)
  3 jellies
  8 orc priests
  A centaur skeleton (D:5)
  Ijyb (D:4)
  4 iguanas
  7 orc wizards
  4 hell rats (Lair:1)
  A killer bee zombie (D:8)
  3 hound skeletons
  3 mummies (D:9)
  A howler monkey zombie (D:10)
  7 gnolls
  2 howler monkey skeletons
  8 adders
  3 shadow imps
  6 white imps
  4 dart slugs
  27 orcs
  7 endoplasms
  5 giant cockroaches
  6 hobgoblins
  5 quokkas
  5 ball pythons
  3 bats
  4 frilled lizards
  8 goblins
  15 kobolds
  3 rats
  A spectral kobold (D:8)
  A spectral orc (D:5)
  A bush (D:10)
298 creatures vanquished.

Vanquished Creatures (others)
  3 fungi
  12 plants
15 creatures vanquished.

Grand Total: 313 creatures vanquished

Notes
Turn   | Place    | Note
-------+----------+-------------------------------------------
     0 | D:1      | Spike29 the Deep Dwarf Earth Elementalist began the quest
                  | for the Orb.
     0 | D:1      | Reached XP level 1. HP: 15/15 MP: 3/3
   385 | D:1      | Reached skill level 1 in Fighting
   385 | D:1      | Reached XP level 2. HP: 19/25 MP: 3/3
  1487 | D:2      | Found a faded altar of an unknown god.
  1497 | D:2      | Became a worshipper of the Shining One
  1497 | D:2      | Reached * piety under the Shining One
  1532 | D:2      | Reached XP level 3. HP: 14/31 MP: 4/4
  1784 | D:2      | Reached skill level 1 in Short Blades
  2342 | D:3      | Reached XP level 4. HP: 39/39 MP: 5/5
  2709 | D:4      | Found a shimmering altar of Xom.
  2788 | D:4      | Found a staircase to the Ecumenical Temple.
  2808 | Temple   | Entered the Ecumenical Temple
  2962 | D:4      | Noticed a scorpion
  2975 | D:4      | Killed a scorpion
  2976 | D:4      | Reached XP level 5. HP: 39/45 MP: 6/6
  3146 | D:4      | Found a blossoming altar of Fedhas.
  3324 | D:4      | Learned a level 2 spell: Blink
  3433 | D:4      | Reached ** piety under the Shining One
  3561 | D:4      | Reached XP level 6. HP: 53/55 MP: 5/5
  3604 | D:4      | Reached skill level 1 in Armour
  3682 | D:4      | Noticed Ijyb
  3708 | D:4      | Killed Ijyb
  4053 | D:5      | Entered Level 5 of the Dungeon
  4067 | D:5      | Identified the +1 leather armour of the Pleiades {Str+9
                  | Dex+2 Slay-2}
  4337 | D:5      | Reached skill level 5 in Earth Magic
  4342 | D:5      | Reached skill level 1 in Translocations
  4350 | D:5      | Reached XP level 7. HP: 49/61 MP: 6/6
  4378 | D:5      | Reached skill level 1 in Maces & Flails
  4462 | D:5      | Reached skill level 2 in Maces & Flails
  4494 | D:5      | Reached skill level 3 in Maces & Flails
  4615 | D:5      | Found Gozesim's Jewellery Shop.
  4728 | D:5      | Reached XP level 8. HP: 57/69 MP: 6/6
  4737 | D:5      | Found Ceok's Book Boutique.
  4749 | D:5      | Found Kodyjos's General Store.
  4799 | D:5      | Found a basalt altar of Yredelemnul.
  4959 | D:6      | Reached skill level 4 in Maces & Flails
  4999 | D:6      | Reached *** piety under the Shining One
  5149 | D:6      | Found a glowing golden altar of the Shining One.
  5249 | D:6      | Found a runed translucent gate.
  5249 | D:6      | Found a runed translucent gate.
  5249 | D:6      | Found a runed translucent gate.
  5250 | D:6      | Found an opulent altar of Gozag.
  5251 | D:6      | Noticed bnorton916's ghost (novice DECj)
  5284 | D:6      | Killed bnorton916's ghost
  5285 | D:6      | Reached skill level 5 in Maces & Flails
  5420 | D:5      | Bought an Inescapable Atlas for 374 gold pieces
  5490 | D:7      | Noticed Harold
  5538 | D:7      | Killed Harold
  5539 | D:7      | Reached skill level 6 in Maces & Flails
  5539 | D:7      | Gained mutation: You passively map the area around you.
                  | [Deep Dwarf growth]
  5539 | D:7      | Reached XP level 9. HP: 75/78 MP: 6/8
  5554 | D:7      | Identified the ring "Aviong" {rN+ Slay+3 Stlth+}
  5688 | D:7      | Noticed a kobold demonologist
  5705 | D:7      | Noticed a red devil
  5710 | D:7      | Killed a kobold demonologist
  5711 | D:7      | Reached skill level 7 in Maces & Flails
  5711 | D:7      | Reached skill level 5 in Armour
  6199 | D:8      | Reached skill level 8 in Maces & Flails
  6383 | D:8      | Reached **** piety under the Shining One
  6418 | D:8      | Reached XP level 10. HP: 76/85 MP: 8/8
  6493 | D:8      | Found a hazy altar of Hepliaklqana.
  6583 | D:8      | Noticed a manticore
  6595 | D:8      | Killed a manticore
  6596 | D:8      | Reached skill level 9 in Maces & Flails
  6812 | D:8      | Reached skill level 10 in Maces & Flails
  6886 | D:9      | Reached ***** piety under the Shining One
  7000 | D:9      | Identified a scroll of acquirement
  7190 | D:9      | Reached skill level 11 in Maces & Flails
  7279 | D:9      | Noticed Gastronok
  7320 | D:9      | Killed Gastronok
  7321 | D:9      | Reached skill level 12 in Maces & Flails
  7321 | D:9      | Reached XP level 11. HP: 75/92 MP: 8/8
  7475 | D:9      | Found an ancient bone altar of Kikubaaqudgha.
  7644 | D:10     | Entered Level 10 of the Dungeon
  7644 | D:10     | Found a staircase to the Orcish Mines.
  7801 | D:10     | Found a staircase to the Lair.
  7848 | D:10     | Reached skill level 13 in Maces & Flails
  8053 | D:10     | Found a flagged portal.
  8061 | Bailey   | Entered a bailey
  8525 | Lair:1   | Entered Level 1 of the Lair of Beasts
  8534 | Lair:1   | Noticed a seven-headed hydra
  8628 | D:10     | Killed a seven-headed hydra
  8673 | D:10     | Acquired a staff of earth
  8763 | Lair:1   | Reached skill level 10 in Armour
  8769 | Lair:1   | Noticed a death yak
  8769 | Lair:1   | Noticed a death yak
  8769 | Lair:1   | Noticed a death yak
  8829 | D:10     | HP: 4/92 [death yak (10)]
  8834 | D:10     | Killed a death yak
  8835 | D:10     | Reached skill level 14 in Maces & Flails
  8835 | D:10     | Reached XP level 12. HP: 2/99 MP: 1/1
  8890 | Lair:1   | Killed a death yak
  8895 | Lair:1   | Killed a death yak
  9494 | D:11     | Mangled by a komodo dragon

Illustrated notes

Levels and vault maps discovered:
D:1:      minmay_arrival_four_houses, layout_basic, palyth_stone_intersect
D:2:      layout_loops_corners, dreamdust_ecumenical_altar_statues
D:3:      layout_loops_cross, serial_bayou, serial_bayou_shore_b,
          serial_bayou_ford_a, serial_bayou_pond_d, serial_bayou_pond_c,
          serial_bayou_crossing, serial_bayou_lagoon_b
D:4:      kennysheep_spiral_hall, layout_basic, general_overflow_altar,
          fedhas_altar_4, minmay_temple_entry_purple_smoke, grunt_ministairs_15,
          cheibrodos_gnoll_hut, uniq_ijyb
D:5:      layout_rooms, yredelemnul_forgotten_temple_becter, serial_shops,
          nicolae_lakefront_shop, nicolae_diamond_shop, shop, minivault_5,
          amcnicky_mini_pool_medium
D:6:      layout_rooms, nicolae_tso_swordbearing_angel, ebering_ghost_gozag,
          kennysheep_cross_room
D:7:      layout_basic, uniq_harold
D:8:      minmay_four_partial_circles, layout_basic,
          nicolae_hepliaklqana_monster_ancestors, minmay_quadrilaterals
D:9:      layout_roguey, mainiacjoe_overflow_alcove_1,
          lemuel_mausoleum_altar_kikubaaqudgha, minmay_curled_crystal,
          uniq_gastronok
D:10:     layout_basic, minmay_lair_entry_grove, enter_bailey_1
D:11:     layout_gridville
Temple:   regret_index_temple_generic_petals
Lair:1:   layout_cave_pods, beast_lair_carwin_2, infiniplex_staircase_pool_2

Skill      XL: |  1  2  3  4  5  6  7  8  9 10 11 12 |
---------------+-------------------------------------+-----
Fighting       | 1 2 3 4 |  4.1
Dodging        | 3 |  3.9
Short Blades   | 1 2 3 |  3.4
Stealth        | 3 |  3.0
Armour         | 2 3 4 6 8 10 11 | 11.1
Spellcasting   | 2 3 |  3.4
Earth Magic    | 5 6 |  6.5
Translocations | 1 2 3 |  3.3
Maces & Flails | 3 6 8 12 14 | 14.7
Throwing       | |  0.2
Shields        | |  0.2
Transmutations | |  0.8

Action                   |  1- 3 |  4- 6 |  7- 9 | 10-12 || total
-------------------------+-------+-------+-------+-------++-------
Melee: Unarmed           |    31 |       |       |       ||    31
       Dagger            |   190 |       |       |       ||   190
       Short sword       |       |   297 |       |       ||   297
       Flail             |       |    26 |   319 |   602 ||   947
Throw: Dart              |     2 |       |     1 |       ||     3
Invok: Divine Shield     |       |       |       |     1 ||     1
 Abil: Heal Wounds       |     6 |    10 |    11 |    25 ||    52
  Use: Potion            |     1 |     3 |       |     5 ||     9
       Scroll            |     1 |     4 |     1 |     9 ||    15
 Stab: Sleeping          |     4 |       |       |       ||     4
Armor: Robe              |    52 |    15 |       |       ||    67
       Chain mail        |       |   136 |   303 |   468 ||   907
       Ring mail         |       |    35 |       |       ||    35
Dodge: Dodged            |   168 |   127 |   111 |   216 ||   622
Block: Other             |       |    32 |       |       ||    32
       Buckler           |       |    12 |   215 |   340 ||   567
       Reflection        |       |       |     3 |    21 ||    24
